SA
MANCELONA TORCH @ SYRACUSE STORM
08/31/2041
 
TOP OF THE 1ST
Mancelona Torch batting - Pitching for Syracuse Storm : RHP Kwan-yew Khu
Pitching: RHP Kwan-yew Khu
Batting: RHB Joe Havermeyer 0-0: Called Strike
0-1: Foul Ball, location: 2F
0-2: Strikes out swinging
Batting: RHB Ramiro Castillo 0-0: Called Strike
0-1: Ball
1-1: Ball
2-1: Ball
3-1: Foul Ball, location: 2F
3-2: Foul Ball, location: 2F
3-2: Foul Ball, location: 2F
3-2: Fly out, F7 (Flyball, 7LDF, EV 107.5 MPH)
Batting: LHB Diego Alejandro Ureña 0-0: Called Strike
0-1: Fly out, F9 (Flyball, 9D, EV 100.6 MPH)
Top of the 1st over - 0 runs, 0 hits, 0 errors, 0 left on base; Mancelona 0 - Syracuse 0
BOTTOM OF THE 1ST
Syracuse Storm batting - Pitching for Mancelona Torch : RHP Eric Blevins
Pitching: RHP Eric Blevins
Batting: LHB Bobby Verstraten 0-0: Called Strike
0-1: Ball
1-1: Ball
2-1: Ground out 4-3 (Groundball, 4M, EV 78.1 MPH)
Batting: LHB Nathan Shallcross 0-0: Ball
1-0: Ball
2-0: Ball
3-0: Called Strike
3-1: Swinging Strike
3-2: Strikes out swinging
Batting: LHB Russell Hamilton 0-0: Ball
1-0: Called Strike
1-1: Ball
2-1: Ball
3-1: Ground out 6-3 (Groundball, 6M, EV 108.1 MPH)
Bottom of the 1st over - 0 runs, 0 hits, 0 errors, 0 left on base; Mancelona 0 - Syracuse 0
TOP OF THE 2ND
Mancelona Torch batting - Pitching for Syracuse Storm : RHP Kwan-yew Khu
Batting: RHB Bill Wells 0-0: Swinging Strike
0-1: Fly out, F3 (Popup, 3S, EV 70.0 MPH)
Batting: SHB Alan Campbell 0-0: Ball
1-0: Foul Ball, location: 2F
1-1: Ball
2-1: Ball
3-1: Fly out, F7 (Flyball, 7, EV 95.0 MPH)
Batting: RHB Paul Sykes 0-0: Ball
1-0: Called Strike
1-1: Ball
2-1: Ball
3-1: Called Strike
3-2: Base on Balls
Batting: RHB Glen Stockhill 0-0: Called Strike
0-1: Foul Ball, location: 2F
0-2: Ball
1-2: Foul Ball, location: 2F
1-2: SINGLE (Groundball, 56D, EV 95.6 MPH)
Paul Sykes to second
Runner from 2nd tries for 3rd, SAFE, throw by LF made to third
Batting: RHB Francisco Rocha 0-0: Called Strike
0-1: Ball
1-1: Called Strike
1-2: Strikes out swinging
Top of the 2nd over - 0 runs, 1 hit, 0 errors, 2 left on base; Mancelona 0 - Syracuse 0
BOTTOM OF THE 2ND
Syracuse Storm batting - Pitching for Mancelona Torch : RHP Eric Blevins
Batting: RHB Julian Lemur 0-0: Called Strike
0-1: Ball
1-1: Hit by Pitch
Batting: SHB Alejandro De La Cerdo 0-0: Swinging Strike
0-1: Ball
1-1: Ball
2-1: Foul Ball, location: 2F
2-2: Strikes out swinging
Batting: RHB Emílio Pueblo 0-0: Ball
1-0: Reached on error, E6 (Groundball, 4M, EV 98.1 MPH)
Julian Lemur to second
Batting: SHB Christopher Tracy 0-0: Ball
1-0: Ball
2-0: Called Strike
2-1: Called Strike
2-2: Foul Ball, location: 2F
2-2: Fielders Choice at 2nd, 3-6 (Groundball, 34, EV 85.0 MPH)
Julian Lemur to third
Batting: RHB Randy Baker 0-0: Called Strike
0-1: Ball
1-1: Swinging Strike
1-2: Fly out, F9 (Flyball, 89S, EV 86.2 MPH)
Bottom of the 2nd over - 0 runs, 0 hits, 1 error, 2 left on base; Mancelona 0 - Syracuse 0
TOP OF THE 3RD
Mancelona Torch batting - Pitching for Syracuse Storm : RHP Kwan-yew Khu
Batting: RHB Marc Chagall 0-0: Called Strike
0-1: Swinging Strike
0-2: Ball
1-2: Ball
2-2: Foul Ball, location: 2F
2-2: Foul Ball, location: 2F
2-2: Strikes out swinging
Batting: RHB Joe Havermeyer 0-0: Ball
1-0: Fly out, F8 (Line Drive, 8LM, EV 85.6 MPH)
Batting: RHB Ramiro Castillo 0-0: Called Strike
0-1: Ground out 4-3 (Groundball, 4M, EV 79.4 MPH)
Top of the 3rd over - 0 runs, 0 hits, 0 errors, 0 left on base; Mancelona 0 - Syracuse 0
BOTTOM OF THE 3RD
Syracuse Storm batting - Pitching for Mancelona Torch : RHP Eric Blevins
Batting: RHB Charlie Yaeger 0-0: Foul Ball, location: 2F
0-1: Foul Ball, location: 2F
0-2: Strikes out swinging
Batting: LHB Bobby Verstraten 0-0: Foul Ball, location: 2F
0-1: Called Strike
0-2: Ball
1-2: Ball
2-2: Strikes out swinging
Batting: LHB Nathan Shallcross 0-0: Called Strike
0-1: Ground out 4-3 (Groundball, 4, EV 113.1 MPH)
Bottom of the 3rd over - 0 runs, 0 hits, 0 errors, 0 left on base; Mancelona 0 - Syracuse 0
TOP OF THE 4TH
Mancelona Torch batting - Pitching for Syracuse Storm : RHP Kwan-yew Khu
Batting: LHB Diego Alejandro Ureña 0-0: Ball
1-0: Fly out, F5 (Line Drive, 5, EV 73.1 MPH)
Batting: RHB Bill Wells 0-0: Swinging Strike
0-1: Foul Ball, location: 2F
0-2: Ball
1-2: Ball
2-2: Strikes out swinging
Batting: SHB Alan Campbell 0-0: Ball
1-0: DOUBLE (Line Drive, 7LS, EV 97.5 MPH)
Batting: RHB Paul Sykes 0-0: Ball
1-0: Ball
2-0: Ball
3-0: Base on Balls
Batting: RHB Glen Stockhill 0-0: Foul Ball, location: 2F
0-1: Foul Ball, location: 2F
0-2: Ball
1-2: Ball
2-2: Foul Ball, location: 2F
2-2: Foul Ball, location: 2F
2-2: Foul Ball, location: 2F
2-2: Foul Ball, location: 2F
2-2: Foul Ball, location: 2F
2-2: Foul Ball, location: 2F
2-2: Fly out, F3 (Popup, 3SF, EV 76.9 MPH)
Top of the 4th over - 0 runs, 1 hit, 0 errors, 2 left on base; Mancelona 0 - Syracuse 0
BOTTOM OF THE 4TH
Syracuse Storm batting - Pitching for Mancelona Torch : RHP Eric Blevins
Batting: LHB Russell Hamilton 0-0: Ball
1-0: Ball
2-0: Fly out, F7 (Flyball, 7LS, EV 75.0 MPH)
Batting: RHB Julian Lemur 0-0: Foul Ball, location: 2F
0-1: Ball
1-1: Swinging Strike
1-2: Ball
2-2: Ball
3-2: Base on Balls
Batting: SHB Alejandro De La Cerdo 0-0: Ball
1-0: Swinging Strike
1-1: Ball
2-1: Foul Ball, location: 2F
2-2: Fly out, F7 (Flyball, 78D, EV 89.4 MPH)
Batting: RHB Emílio Pueblo 0-0: Foul Ball, location: 2F
0-1: Fielders Choice at 2nd, 6-4 (Groundball, 56, EV 105.0 MPH)
Bottom of the 4th over - 0 runs, 0 hits, 0 errors, 1 left on base; Mancelona 0 - Syracuse 0
TOP OF THE 5TH
Mancelona Torch batting - Pitching for Syracuse Storm : RHP Kwan-yew Khu
Batting: RHB Francisco Rocha 0-0: Called Strike
0-1: Foul Ball, location: 2F
0-2: Ball
1-2: Strikes out swinging
Batting: RHB Marc Chagall 0-0: Ball
1-0: DOUBLE (Line Drive, 7LS, EV 101.9 MPH)
Batting: RHB Joe Havermeyer 0-0: DOUBLE (Line Drive, 89D, EV 107.5 MPH)
Marc Chagall scores
Batting: RHB Ramiro Castillo 0-0: Called Strike
Joe Havermeyer steals 3rd base
0-1: SINGLE (Line Drive, 6D, EV 103.8 MPH)
Joe Havermeyer scores
Batting: LHB Diego Alejandro Ureña 0-0: Ball
1-0: Ball
2-0: Called Strike
2-1: Fly out, F6 (Popup, 6M, EV 56.9 MPH)
Batting: RHB Bill Wells 0-0: Swinging Strike
0-1: Called Strike
0-2: Foul Ball, location: 2F
0-2: Ball
1-2: Ball
2-2: 2-RUN HOME RUN (Flyball, 7D, EV 111.2 MPH), Distance : 373 ft
Batting: SHB Alan Campbell 0-0: Swinging Strike
0-1: Foul Ball, location: 2F
0-2: Foul Ball, location: 2F
0-2: Fly out, F8 (Flyball, 89D, EV 98.8 MPH)
Top of the 5th over - 4 runs, 4 hits, 0 errors, 0 left on base; Mancelona 4 - Syracuse 0
BOTTOM OF THE 5TH
Syracuse Storm batting - Pitching for Mancelona Torch : RHP Eric Blevins
Batting: SHB Christopher Tracy 0-0: Called Strike
0-1: Called Strike
0-2: Ball
1-2: Strikes out swinging
Batting: RHB Randy Baker 0-0: Ball
1-0: SINGLE (Line Drive, 3D, EV 98.1 MPH)
Batting: RHB Charlie Yaeger 0-0: Ball
1-0: Ball
2-0: Called Strike
2-1: Foul Ball, location: 2F
2-2: Ball
3-2: Foul Ball, location: 2F
3-2: DOUBLE (Line Drive, 89D, EV 109.4 MPH)
Randy Baker to third
Randy Baker scores
Batting: LHB Bobby Verstraten 0-0: Called Strike
0-1: Ball
1-1: Swinging Strike
1-2: Strikes out swinging
Batting: LHB Nathan Shallcross 0-0: Called Strike
0-1: Ball
1-1: Swinging Strike
1-2: Foul Ball, location: 2F
1-2: Ball
2-2: Foul Ball, location: 2F
2-2: Fly out, F9 (Flyball, 89D, EV 106.2 MPH)
Bottom of the 5th over - 1 run, 2 hits, 0 errors, 1 left on base; Mancelona 4 - Syracuse 1
TOP OF THE 6TH
Mancelona Torch batting - Pitching for Syracuse Storm : RHP Kwan-yew Khu
Batting: RHB Paul Sykes 0-0: Foul Ball, location: 2F
0-1: Swinging Strike
0-2: Ball
1-2: Ground out 6-3 (Groundball, 6, EV 82.5 MPH)
Batting: RHB Glen Stockhill 0-0: Swinging Strike
0-1: Swinging Strike
0-2: Ball
1-2: Ball
2-2: Foul Ball, location: 2F
2-2: Foul Ball, location: 2F
2-2: SINGLE (Flyball, 89M, EV 95.6 MPH)
Pitching: RHP Jonathan Downs
Batting: RHB Francisco Rocha 0-0: Called Strike
Glen Stockhill steals 2nd base
Pickoff Throw to Second - Error! E1
Glen Stockhill to third
0-1: Foul Ball, location: 2F
0-2: 2-RUN HOME RUN (Line Drive, 7LD, EV 97.5 MPH), Distance : 345 ft
Batting: RHB Marc Chagall 0-0: Called Strike
0-1: Foul Ball, location: 2F
0-2: Strikes out looking
Batting: RHB Joe Havermeyer 0-0: Ball
1-0: Fly out, F9 (Line Drive, 9, EV 96.2 MPH)
Top of the 6th over - 2 runs, 2 hits, 1 error, 0 left on base; Mancelona 6 - Syracuse 1
BOTTOM OF THE 6TH
Syracuse Storm batting - Pitching for Mancelona Torch : RHP Eric Blevins
Batting: LHB Russell Hamilton 0-0: Called Strike
0-1: Ball
1-1: Fly out, F3 (Line Drive, 3, EV 65.6 MPH)
Pitching: RHP Tom Johnson
Batting: RHB Julian Lemur 0-0: Called Strike
0-1: Foul Ball, location: 2F
0-2: Ball
1-2: Strikes out swinging
Batting: SHB Alejandro De La Cerdo 0-0: Called Strike
0-1: Foul Ball, location: 2F
0-2: Ball
1-2: Ground out 6-3 (Groundball, 6M, EV 106.9 MPH)
Bottom of the 6th over - 0 runs, 0 hits, 0 errors, 0 left on base; Mancelona 6 - Syracuse 1
TOP OF THE 7TH
Mancelona Torch batting - Pitching for Syracuse Storm : RHP Jonathan Downs
Batting: RHB Ramiro Castillo 0-0: Ball
1-0: Swinging Strike
1-1: Ball
2-1: Ball
3-1: Swinging Strike
3-2: SINGLE (Groundball, 56D, EV 105.6 MPH)
Batting: LHB Diego Alejandro Ureña 0-0: Ball
1-0: Grounds into double play, 4-6-3 (Groundball, 4, EV 85.0 MPH)
Batting: RHB Bill Wells 0-0: Ball
1-0: Foul Ball, location: 2F
1-1: Ball
2-1: Ball
3-1: Called Strike
3-2: Base on Balls
Batting: SHB Alan Campbell 0-0: Swinging Strike
0-1: Called Strike
Bill Wells is caught stealing 2nd base 2-6
Top of the 7th over - 0 runs, 1 hit, 0 errors, 0 left on base; Mancelona 6 - Syracuse 1
BOTTOM OF THE 7TH
Syracuse Storm batting - Pitching for Mancelona Torch : RHP Tom Johnson
Batting: RHB Emílio Pueblo 0-0: Foul Ball, location: 2F
0-1: Ground out 6-3 (Groundball, 6, EV 86.2 MPH)
Batting: SHB Christopher Tracy 0-0: Called Strike
0-1: Swinging Strike
0-2: Strikes out looking
Batting: RHB Randy Baker 0-0: Ball
1-0: Foul Ball, location: 2F
1-1: Ball
2-1: Fly out, F8 (Flyball, 8RM, EV 90.0 MPH)
Bottom of the 7th over - 0 runs, 0 hits, 0 errors, 0 left on base; Mancelona 6 - Syracuse 1
TOP OF THE 8TH
Mancelona Torch batting - Pitching for Syracuse Storm : RHP Jonathan Downs
Batting: SHB Alan Campbell 0-0: Foul Ball, location: 2F
0-1: Foul Ball, location: 2F
0-2: Fly out, F5 (Flyball, 5D, EV 88.8 MPH)
Batting: RHB Paul Sykes 0-0: Swinging Strike
0-1: Ball
1-1: Foul Ball, location: 2F
1-2: Strikes out looking
Batting: RHB Glen Stockhill 0-0: Foul Ball, location: 2F
0-1: Ball
1-1: Ball
2-1: Ground out 6-3 (Groundball, 6, EV 88.1 MPH)
Top of the 8th over - 0 runs, 0 hits, 0 errors, 0 left on base; Mancelona 6 - Syracuse 1
BOTTOM OF THE 8TH
Syracuse Storm batting - Pitching for Mancelona Torch : RHP Tom Johnson
Batting: RHB Charlie Yaeger 0-0: Fly out, F4 (Popup, 4D, EV 66.2 MPH)
Batting: LHB Bobby Verstraten 0-0: Called Strike
0-1: Ball
1-1: Called Strike
1-2: Fly out, F8 (Flyball, 8LD, EV 98.1 MPH)
Batting: LHB Nathan Shallcross 0-0: Foul Ball, location: 2F
0-1: Foul Ball, location: 2F
0-2: Fly out, F7 (Flyball, 78M, EV 74.4 MPH)
Bottom of the 8th over - 0 runs, 0 hits, 0 errors, 0 left on base; Mancelona 6 - Syracuse 1
TOP OF THE 9TH
Mancelona Torch batting - Pitching for Syracuse Storm : RHP Jonathan Downs
Batting: RHB Francisco Rocha 0-0: Foul Ball, location: 2F
0-1: Ball
1-1: Called Strike
1-2: Strikes out looking
Batting: RHB Marc Chagall 0-0: Fly out, F6 (Popup, 6M, EV 71.9 MPH)
Batting: RHB Joe Havermeyer 0-0: Called Strike
0-1: Ball
1-1: Ball
2-1: SINGLE (Groundball, 6D, EV 98.8 MPH)
Pitching: RHP Pete Bird
Batting: RHB Ramiro Castillo 0-0: Ball
1-0: Ball
2-0: Foul Ball, location: 2F
2-1: Ball
3-1: Fielders Choice at 2nd, 5-4 (Groundball, 5, EV 88.1 MPH)
Top of the 9th over - 0 runs, 1 hit, 0 errors, 1 left on base; Mancelona 6 - Syracuse 1
BOTTOM OF THE 9TH
Syracuse Storm batting - Pitching for Mancelona Torch : RHP Tom Johnson
Batting: LHB Russell Hamilton 0-0: DOUBLE (Flyball, 89D, EV 85.0 MPH)
Batting: RHB Julian Lemur 0-0: Called Strike
0-1: Called Strike
0-2: Foul Ball, location: 2F
0-2: Ball
1-2: Ball
2-2: Foul Ball, location: 2F
2-2: SINGLE (Groundball, 34D, EV 105.6 MPH)
Russell Hamilton to third
Batting: SHB Alejandro De La Cerdo 0-0: Ball
1-0: Ball
2-0: Swinging Strike
2-1: Swinging Strike
2-2: Ball
3-2: Strikes out looking
Batting: RHB Emílio Pueblo 0-0: Called Strike
0-1: Ball
1-1: Foul Ball, location: 2F
1-2: Ball
2-2: Ball
3-2: Foul Ball, location: 2F
3-2: Strikes out swinging
Batting: SHB Christopher Tracy 0-0: Ball
1-0: Ball
2-0: Ball
3-0: Called Strike
3-1: SINGLE (Groundball, 34S, EV 85.0 MPH) (infield hit)
Russell Hamilton scores
Julian Lemur to second
Pitching: LHP Danny Byrd
Batting: RHB Randy Baker 0-0: Ball
1-0: Fielders Choice at 2nd, 5-4 (Groundball, 56, EV 86.9 MPH)
Bottom of the 9th over - 1 run, 3 hits, 0 errors, 2 left on base; Mancelona 6 - Syracuse 2
Tuesday, January 5th, 2021 - OOTP Baseball 20.8 Build 74